 Dungeon Crawl Stone Soup version 0.28-a0-706-gf6f64a616a (webtiles) character file.

Game seed: 14392988210801324328

137 timneilson the Shield-Bearer (level 5, -8/33 HPs)
             Began as a Gargoyle Fighter on Oct 24, 2021.
             Killed by divine providence
             ... invoked by an orc priest
              (15 damage)
             ... on level 3 of the Dungeon.
             The game lasted 00:03:49 (2858 turns).

timneilson the Shield-Bearer (Gargoyle Fighter)     Turns: 2858, Time: 00:03:50

Health: -8/33      AC: 13    Str: 20    XL:     5   Next: 20%
Magic:  5/5        EV:  7    Int:  9    God:
Gold:   61         SH:  4    Dex:  9    Spells: 4/4 levels left

rFire   . . .      SeeInvis .   a - +0 long sword
rCold   . . .      Faith    .   c - +0 buckler
rNeg    + . .      Spirit   .   h - +0 chain mail
rPois   ∞          Reflect  .   (no helmet)
rElec   +          Harm     .   (no cloak)
rCorr   .          Rampage  .   (no gloves)
Will    .....                   (no boots)
Stlth   ..........              (no amulet)
HPRegen 0.11/turn               (no ring)
MPRegen 0.09/turn               (no ring)

@: no status effects
A: sickness immunity, AC +4, negative energy resistance 1, electricity
resistance, torment resistance 1, petrification resistance
a: no special abilities


You were on level 3 of the Dungeon.
You visited 1 branch of the dungeon, and saw 3 of its levels.

You collected 61 gold pieces.

Inventory:

Hand Weapons
 a - a +0 long sword (weapon)
Armour
 c - a +0 buckler (worn)
 h - a +0 chain mail (worn)
Wands
 b - a wand of digging (6)
Potions
 d - a potion of might
 e - a potion of curing
 f - a potion of flight {unknown}
 g - a potion of cancellation {unknown}


   Skills:
 + Level 3.8 Fighting
 * Level 2.7 Long Blades
 * Level 4.2 Armour
 + Level 1.0 Dodging
 * Level 4.3 Shields


You had 4 spell levels left.
You didn't know any spells.
Your spell library contained the following spells:

 Spells                   Type           Power      Damage    Failure   Level
 Static Discharge         Conj/Air       0%         N/A       99%         2
 Dispel Undead            Necr           0%         3d6       100%        4
 Sticky Flame             Conj/Fire      0%         2d3       100%        4


Dungeon Overview and Level Annotations

Branches:
Dungeon (3/15)

Altars:
Nemelex Xobeh


Innate Abilities, Weirdness & Mutations

You are immune to sickness and miasma.
Your stone body is resilient. (AC +4)
You are immune to poison.
You resist negative energy. (rN+)
You are resistant to electric shocks. (rElec)
You are resistant to unholy torment.
You are immune to petrification.


Message History

The orc shouts!
The orc priest shouts!
The orc priest hits you but does no damage.
The orc moves out of view.
You barely miss the orc priest.
The orc priest looks braver for a moment.
You completely miss the orc priest.
The orc priest hits you but does no damage.
You slash the orc priest!
The orc priest is almost dead.
The orc priest hits you but does no damage.
You hit the orc.
The orc is severely wounded.
The orc hits you but does no damage.
You closely miss the orc.
The orc is severely wounded.
The orc hits you but does no damage.
You closely miss the orc.
The orc is heavily wounded.
The orc priest looks braver for a moment.
The orc hits you but does no damage.
You hit the orc.
You kill the orc!
The orc priest mumbles some strange prayers to Beogh against you.
Beogh smites you!
You slash the orc priest!
You kill the orc priest!
The orc barely misses you.
Your Dodging skill increases to level 1!
You have reached level 5!
You hit the orc.
The orc is moderately wounded.
The orc priest calls down the wrath of Beogh upon you.
Beogh smites you!
* * * LOW HITPOINT WARNING * * *
The orc barely misses you.
You hit the orc.
The orc is severely wounded.
The orc priest invokes the aid of Beogh against you.
Beogh smites you!
You die... .......# #.# #.. #....... #.# #oo

#.#.#..# #.#
##[.##......# #.#
...........# #.#
..........########.#
#.####.#...........#
#.######.###########
#oo@.....#
##########


You could see an orc priest and an orc.

Vanquished Creatures
  An orc priest (D:3)
  Jessica (D:3)
  2 adders
  A worm (D:3)
  2 dart slugs
  An orc (D:3)
  6 endoplasms
  A giant cockroach (D:3)
  7 goblins
  7 hobgoblins
  A kobold (D:2)
  2 quokkas (D:2)
  7 ball pythons
  6 bats
  4 frilled lizards
  6 rats
55 creatures vanquished.

Notes
Turn   | Place    | Note
-------+----------+-------------------------------------------
     0 | D:1      | timneilson the Gargoyle Fighter began the quest for the
                  | Orb.
     0 | D:1      | Reached XP level 1. HP: 14/14 MP: 1/1
   226 | D:1      | Reached XP level 2. HP: 12/19 MP: 2/2
   663 | D:1      | Reached XP level 3. HP: 23/23 MP: 3/3
  1973 | D:3      | Noticed Jessica
  1981 | D:3      | Killed Jessica
  1982 | D:3      | Reached XP level 4. HP: 18/29 MP: 4/4
  2129 | D:3      | Found a faded altar of an unknown god.
  2763 | D:3      | Found a sparkling altar of Nemelex Xobeh.
  2857 | D:3      | Reached skill level 1 in Dodging
  2857 | D:3      | Reached XP level 5. HP: 17/33 MP: 5/5
  2858 | D:3      | Killed from afar by an orc priest

Illustrated notes

Levels and vault maps discovered:
D:1:      dpeg_arrival_ternary, layout_basic, serial_park_tiny_1
D:2:      layout_basic, minmay_close_crescents
D:3:      layout_loops_corners, nemelex_spade_bored_becter,
          chequers_ecumenical_altar_simple, uniq_jessica

Skill      XL: |  1  2  3  4 |
---------------+-------------+-----
Long Blades    | 2 |  2.7
Shields        | 4 |  4.3
Armour         | 4 |  4.2
Dodging        | 1 |  1.0
Fighting       | |  3.8

Action                   |  1- 3 |  4- 6 || total
-------------------------+-------+-------++-------
Melee: Long sword        |   149 |    38 ||   187
  Use: Scroll            |     3 |       ||     3
Armor: Scale mail        |    31 |       ||    31
       Chain mail        |    50 |    16 ||    66
Dodge: Dodged            |    59 |     9 ||    68
Block: Buckler           |    28 |     2 ||    30

Table legend: (Time is in decaauts)
 A = Elapsed time spent in this place.
 B = Non-inter-level travel time spent in this place.
 C = Inter-level travel time spent in this place.
 D = Time resting spent in this place.
 E = Time spent auto-exploring this place.
 F = Levels seen in this place.
 G = Mean time per level.
                   A        B        C        D        E       F      G
               +--------+--------+--------+--------+--------+-----+--------+
         Total |   2912 |   2843 |     69 |      0 |   2343 |   3 |  970.7 |
       Dungeon |   2912 |   2843 |     69 |      0 |   2343 |   3 |  970.7 |
               +--------+--------+--------+--------+--------+-----+--------+

Top non-repeatable levels by time:
     D:2: 1032 daAuts
     D:1: 966 daAuts
     D:3: 913 daAuts
